 Dungeon Crawl Stone Soup version 0.26-a0-1049-g242049e08c (webtiles) character file.

Game seed: 3526545902143065078

32 Ge0ff the Firebug (level 3, -2/20 HPs)
             Began as a Tengu Fire Elementalist on Dec 12, 2020.
             Slain by a quokka (3 damage)
             ... on level 1 of the Dungeon.
             The game lasted 00:02:39 (1129 turns).

Ge0ff the Firebug (Tengu Fire Elementalist)         Turns: 1129, Time: 00:02:40

Health: -2/20      AC:  2    Str:  8    XL:     3   Next: 27%
Magic:  5/7        EV: 15    Int: 16    God:
Gold:   86         SH:  0    Dex: 14    Spells: 5/6 levels left

rFire    + . .     SeeInvis .   a - +0 dagger
rCold    + . .     Faith    .   (no shield)
rNeg     . . .     Spirit   .   d - +0 robe
rPois    +         Reflect  .   (helmet restricted)
rElec    +         Harm     .   (no cloak)
rCorr    +         Rampage  .   (no gloves)
Will     .....                  (boots unavailable)
Stlth    ++........             (no amulet)
HPRegen  0.06/turn              (no ring)
MPRegen  0.10/turn              (no ring)

@: brilliant, resistant, flying quickly and evasively, quick
A: beak, talons 3
a: no special abilities


You were on level 1 of the Dungeon.
You visited 1 branch of the dungeon, and saw 2 of its levels.

You collected 86 gold pieces.

Inventory:

Hand Weapons
 a - a +0 dagger (weapon)
Armour
 d - a +0 robe (worn)
Scrolls
 b - a scroll of enchant armour {unknown}
 c - a scroll of teleportation {unknown}
 f - 4 scrolls of identify {unknown}
 g - a scroll of enchant weapon {unknown}
Potions
 X - 2 potions of flight


   Skills:
 - Level 1.0 Fighting
 - Level 2.1 Dodging
 - Level 2.0 Stealth
 - Level 2.0 Spellcasting
 + Level 2.8 Conjurations
 + Level 3.9 Fire Magic


You had 5 spell levels left.
You knew the following spells:

 Your Spells              Type           Power        Failure   Level
s - Foxfire               Conj/Fire      ###.         5%          1

Your spell library contained the following spells:

 Spells                   Type           Power        Failure   Level
 Conjure Flame            Conj/Fire      ###.....     16%         3
 Inner Flame              Hex/Fire       ##......     28%         3
 Sticky Flame             Conj/Fire      ###.....     45%         4
 Fireball                 Conj/Fire      ###.......   82%         5


Dungeon Overview and Level Annotations

Branches:
Dungeon (2/15)

Altars:


Innate Abilities, Weirdness & Mutations

You have a beak for a mouth.
You have claws for feet.


Message History

X - 2 potions of flight The quokka completely misses you.
The kobold closely misses you.
The hobgoblin hits you but does no damage.
The quokka bites you.
It was a potion of resistance.
You feel protected. The kobold hits you with a +0 dagger.
The quokka barely misses you.
The hobgoblin hits you but does no damage.
It was a potion of brilliance.
You feel clever all of a sudden. The kobold hits you with a +0 dagger.
* * * LOW HITPOINT WARNING * * *
The quokka barely misses you.
Casting: Foxfire (safe; 5% risk of failure)
Confirm with . or Enter, or press ? or * to list all spells.
You feel a surge of power!
Nothing appears to happen.
The hobgoblin hits you with a cursed -1 club.
* * * LOW HITPOINT WARNING * * *
The quokka bites you.
You die...

######### #........
##########.#######
#rK...............
#@g...........))..
#####....##.######.
########...#....##.######.
#....##....#.....#.##.....
#.##.##....#.....#.##.####
##.##..#.........#........
####.#)###.###......##..##..
#####...#.#.#..#
#......#8).8#..
#......###)#.#.#
###...........#


You could see a quokka, a hobgoblin and a kobold.

Vanquished Creatures
  An ooze (D:1)
  2 dart slugs
  A leopard gecko (D:1)
  2 giant cockroaches (D:1)
  3 goblins (D:1)
  3 hobgoblins (D:1)
  2 bats (D:1)
  4 frilled lizards (D:1)
  3 kobolds (D:1)
  3 rats (D:1)
24 creatures vanquished.

Vanquished Creatures (others)
  55 foxfires
55 creatures vanquished.

Grand Total: 79 creatures vanquished

Notes
Turn   | Place    | Note
-------+----------+-------------------------------------------
     0 | D:1      | Ge0ff the Tengu Fire Elementalist began the quest for the
                  | Orb.
     0 | D:1      | Reached XP level 1. HP: 10/10 MP: 4/4
   228 | D:1      | Reached XP level 2. HP: 16/16 MP: 3/6
   511 | D:1      | Reached skill level 1 in Fighting
   708 | D:1      | Reached XP level 3. HP: 20/20 MP: 4/7
  1129 | D:1      | HP: 1/20 [hobgoblin/cursed -1 club (4)]
  1129 | D:1      | Slain by a quokka

Illustrated notes

Levels and vault maps discovered:
D:1:      nicolae_arrival_memento_mori, layout_basic, st_stairs_6,
          nrook_mini_backslash, minmay_pentomino_r4
D:2:      kb_forest_paths, layout_basic, nicolae_overflow_crystal_walls,
          lemuel_doored_altar

Skill      XL: |  1  2 |
---------------+-------+-----
Conjurations   | 2 |  2.8
Fighting       | 1 |  1.0
Dodging        | |  2.1
Stealth        | |  2.0
Spellcasting   | |  2.0
Fire Magic     | |  3.9

Action                   || total
-------------------------++-------
Melee: Dagger            ||    11
       Peck              ||     3
       Kick              ||     1
 Cast: Foxfire           ||    36
  Use: Potion            ||     3
 Stab: Sleeping          ||     3
Armor: Robe              ||     1
Dodge: Dodged            ||    17

Table legend: (Time is in decaauts)
 A = Elapsed time spent in this place.
 B = Non-inter-level travel time spent in this place.
 C = Inter-level travel time spent in this place.
 D = Time resting spent in this place.
 E = Time spent auto-exploring this place.
 F = Levels seen in this place.
 G = Mean time per level.
                   A        B        C        D        E       F      G
               +--------+--------+--------+--------+--------+-----+--------+
         Total |   1129 |   1059 |     70 |      0 |    884 |   2 |  564.5 |
       Dungeon |   1129 |   1059 |     70 |      0 |    884 |   2 |  564.5 |
               +--------+--------+--------+--------+--------+-----+--------+

Top non-repeatable levels by time:
     D:1: 1033 daAuts
     D:2: 96 daAuts
